[Event "Team 45 45 League T55"]
[Site "Internet Chess Club"]
[Date "2012.11.20"]
[Round "1"]
[White "pereelcoix"]
[Black "nosir"]
[Result "1-0"]
[WhiteElo "1410"]
[BlackElo "1476"]
[Opening "Sicilian: accelerated fianchetto, exchange variation"]
[ECO "B34"]
[Time "16:00:11"]
[TimeControl "2700+45"]

1. e4 c5 2. Nf3 Nc6 3. d4 cxd4 4. Nxd4 g6 5. Nxc6 bxc6 6. Bc4 Bg7 7. O-O e6 8.
Nc3 Nf6 9. Bg5 Qa5 10. Bxf6 Bxf6 11. Qf3 Bg7 12. a3 O-O 13. b4 Qe5 14. Ne2 a5
15. c3 Ba6 16. Bxa6 Rxa6 17. Qf4 Rfa8 18. Qxe5 Bxe5 19. f4 Bg7 20. e5 axb4 21.
cxb4 Rxa3 22. Rab1 f6 23. Rfd1 R8a7 24. exf6 Bxf6 25. b5 cxb5 26. Rxb5 d5 27.
Rdb1 Ra1 28. Rxa1 Rxa1+ 29. Kf2 Ra8 30. Rb6 Kf7 31. g4 h6 32. Rb7+ Be7 33. Nd4
Re8 34. Nc6 Kf8 35. Ke3 Bc5+ 36. Kd3 Bd6 37. Ne5 Bxe5 38. fxe5 Re7 39. Rb8+ Kf7
40. h4 Re8 41. Rb7+ Re7 42. Rb8 Kg7 43. Kd4 Rc7 44. Rb4 Rf7 45. Rb6 Rf4+ 46. Kc5
Rxg4 47. Rb7+ Kf8 48. Kd6 Rxh4 49. Rb8+ Kf7 50. Rb7+ Kf8 51. Kxe6 Rf4 52. Kxd5
Rf7 53. Rb8+ Ke7 54. Rb7+ Ke8 55. Rb6 Ra7 56. Rxg6 Ra5+ 57. Ke4 Kd7 58. Rxh6 Ke7
59. Kf5 Rb5 60. Rh7+ Kd8 61. Kf6 Rb2 62. e6 Rf2+ 63. Ke5 Re2+ 64. Kd5 Rd2+ 65.
Ke4 Re2+ 66. Kf5 Rf2+ 67. Kg5 Rg2+ 68. Kf6 Rf2+ 69. Kg7 Rg2+ 70. Kf8 Rf2+ 71.
Rf7 {Black resigns} 1-0

[Event "Team 45 45 League T55"]
[Site "Internet Chess Club"]
[Date "2012.11.14"]
[Round "1"]
[White "SeniorCitizen"]
[Black "otib2006"]
[Result "0-1"]
[WhiteElo "1338"]
[BlackElo "1256"]
[Opening "Sicilian: Anderssen variation"]
[ECO "B41"]
[Time "14:00:24"]
[TimeControl "2700+45"]

1. e4 c5 2. Nf3 e6 3. d4 cxd4 4. Nxd4 Nf6 5. Nc3 Nc6 6. Nb3 Bb4 7. Bd3 Bxc3+ 8.
bxc3 O-O 9. O-O e5 10. Be3 d5 11. Bg5 dxe4 12. Bxf6 Qxf6 13. Bxe4 Qg5 14. Bxc6
bxc6 15. Qf3 Qg6 16. Rfc1 Bg4 17. Qd3 Bf5 18. Qg3 Qxg3 19. hxg3 Rfd8 20. a3 a5
21. Ra2 Be6 22. a4 Rab8 23. Rb2 c5 24. Rcb1 Bxb3 25. Rxb3 Rxb3 26. cxb3 h5 27.
c4 f5 28. Kf1 Kf7 29. Ke2 e4 30. f3 g5 31. fxe4 fxe4 32. Ke3 Rd3+ 33. Kxe4 Rxg3
34. Rf1+ Ke6 35. Rf5 Rg4+ {White resigns} 0-1

[Event "Team 45 45 League T55"]
[Site "Internet Chess Club"]
[Date "2012.11.16"]
[Round "1"]
[White "kabubi"]
[Black "lawth3"]
[Result "0-1"]
[WhiteElo "1106"]
[BlackElo "1266"]
[Opening "Caro-Kann: classical, Spassky variation"]
[ECO "B19"]
[Time "15:59:30"]
[TimeControl "2700+45"]

1. e4 c6 2. d4 d5 3. Nc3 dxe4 4. Nxe4 Bf5 5. Ng3 Bg6 6. Nf3 h6 7. h4 Nd7 8. h5
Bh7 9. Bd3 Bxd3 10. Qxd3 Ngf6 11. Bf4 c5 12. O-O-O Nd5 13. Qb5 a6 14. Qxb7 Nxf4
15. dxc5 Qc8 16. Rxd7 Rb8 17. Qxc8+ Rxc8 18. Rhd1 e6 19. c6 Nd5 20. Ne5 f6 21.
Ng6 Rg8 22. Nf5 Rxc6 23. R1xd5 exd5 24. Rxd5 Rc5 25. Nd6+ Bxd6 26. Rxd6 Rxh5 27.
Rxa6 Kf7 28. g4 Rg5 29. Nf4 Rxg4 30. Ra7+ Kf8 31. Ne6+ Ke8 32. Nc7+ Kd7 33. Nd5+
Kd6 34. Ne3 Rf4 35. Ra6+ Kc5 36. Ra5+ Kb4 37. Rf5 Rxf5 38. Nxf5 h5 39. c3+ Kc4
40. Kc2 g6 41. Ne7 Rg7 42. b3+ Kc5 43. Nc8 h4 44. b4+ Kc4 45. Nd6+ Kd5 46. Ne8
Rf7 47. c4+ Kc6 48. c5 h3 {White resigns} 0-1

[Event "Team 45 45 League T55"]
[Site "Internet Chess Club"]
[Date "2012.11.16"]
[Round "1"]
[White "seattleblues"]
[Black "Aquaman"]
[Result "1-0"]
[WhiteElo "1424"]
[BlackElo "1283"]
[Opening "Queen's pawn game"]
[ECO "A46"]
[Time "21:05:36"]
[TimeControl "2700+45"]

1. d4 Nf6 2. Nf3 d6 3. Bf4 Nbd7 4. h3 c6 5. Nbd2 d5 6. e3 e6 7. Bd3 Be7 8. c3
O-O 9. Ne5 c5 10. Ndf3 c4 11. Bc2 Ne4 12. h4 Ndf6 13. g4 Ne8 14. g5 f6 15. gxf6
N8xf6 16. Ng5 Qe8 17. f3 Nd6 18. Qe2 Nh5 19. Bxh7+ Kh8 20. Bg6 Nxf4 21. exf4 Qb5
22. h5 Rxf4 23. h6 Bxg5 24. hxg7+ Kxg7 25. Rh7+ Kf8 26. Qh2 Rh4 27. Rxh4 Bxh4+
28. Kf1 Bf6 29. Qh6+ Bg7 30. Qf4+ Nf5 31. Bxf5 exf5 32. Ng6+ Kf7 33. Qg5 Qd7 34.
Re1 Bf6 35. Qh5 Bg7 36. Ne5+ Kg8 37. Nxd7 Bxd7 38. Re7 Be8 39. Rxe8+ Rxe8 40.
Qxe8+ Kh7 41. Qh5+ Kg8 42. Qxf5 {Black resigns} 1-0

[Event "Team 45 45 League T55"]
[Site "Internet Chess Club"]
[Date "2012.11.15"]
[Round "1"]
[White "semperfi"]
[Black "medsurg"]
[Result "1-0"]
[WhiteElo "1373"]
[BlackElo "1304"]
[Opening "Queen's pawn game"]
[ECO "D04"]
[Time "19:00:49"]
[TimeControl "2700+45"]

1. d4 d5 2. Nf3 Nf6 3. e3 Bg4 4. Nbd2 e6 5. c3 c5 6. Bd3 Bd6 7. O-O O-O 8. Re1
Nc6 9. h3 Bh5 10. e4 dxe4 11. Nxe4 Nxe4 12. Bxe4 cxd4 13. cxd4 Nxd4 14. Bxb7 Rb8
15. Be4 Rc8 16. Qd3 h6 17. Nxd4 Bc5 18. Be3 Re8 19. g4 Bg6 20. Bxg6 fxg6 21.
Rad1 Qh4 22. Qf1 Qf6 23. b3 Bb4 24. Re2 Ba3 25. Qg2 Bc5 26. Nf3 Bxe3 27. Rxe3
Rc2 28. a4 Qb2 29. Ne5 Re2 30. Qf3 Rxe3 31. Qxe3 Qc2 32. Rc1 Qb2 33. Nxg6 Qf6
34. Nf4 e5 35. Nd5 Qd6 36. Qc5 Qb8 37. Qc4 e4 38. Nf6+ {Black resigns} 1-0

[Event "Team 45 45 League T55"]
[Site "Internet Chess Club"]
[Date "2012.11.18"]
[Round "1"]
[White "dabodhi"]
[Black "RobertBuice"]
[Result "1-0"]
[WhiteElo "1399"]
[BlackElo "1028"]
[Opening "Scotch opening"]
[ECO "C44"]
[Time "15:00:26"]
[TimeControl "2700+45"]

1. e4 e5 2. Nf3 Nc6 3. d4 d6 4. d5 Nb4 5. c4 Nf6 6. Qa4+ Bd7 7. Qxb4 b6 8. Bd3
c5 9. Qc3 Be7 10. Na3 O-O 11. Bg5 a6 12. b4 Rb8 13. O-O h6 14. Be3 Qc7 15. h3
cxb4 16. Qxb4 a5 17. Qb3 a4 18. Qb4 Rfc8 19. Nb5 Bxb5 20. Qxb5 a3 21. Rab1 Bd8
22. Nh4 Nxe4 23. Bxe4 Qxc4 24. Qe8# {Black checkmated} 1-0

[Event "Team 45 45 League T55"]
[Site "Internet Chess Club"]
[Date "2012.11.18"]
[Round "1"]
[White "artspir"]
[Black "WzeroMN"]
[Result "0-1"]
[WhiteElo "1187"]
[BlackElo "1037"]
[Opening "Queen's pawn game"]
[ECO "A46"]
[Time "14:00:39"]
[TimeControl "2700+45"]

1. d4 Nf6 2. Nf3 e6 3. Bf4 d5 4. e3 Bb4+ 5. c3 Bd6 6. Bxd6 Qxd6 7. Bd3 O-O 8.
O-O Nbd7 9. Nbd2 Re8 10. c4 b6 11. Nb3 Ba6 12. c5 bxc5 13. dxc5 Nxc5 14. Nxc5
Bxd3 15. Nxd3 Ne4 16. Rc1 Rab8 17. Qa4 a6 18. Rc6 Qf8 19. Qxa6 Ra8 20. Qb7 Re7
21. Qb3 Rb8 22. Qc2 Rc8 23. Nfe5 Nf6 24. a4 Qe8 25. a5 Nd7 26. f4 Nxe5 27. Nxe5
f6 28. Nd3 Qd8 29. a6 Ra8 30. Nc5 Qe8 31. Nxe6 Rxe6 32. Rxe6 Qxe6 33. Re1 Qxa6
34. Qxc7 Qc8 35. Qd6 Qd8 36. Qe6+ Kf8 37. Rd1 Ra5 38. Rc1 Ra8 39. h4 Qe8 40.
Qxd5 Qxe3+ 41. Kh2 Qxc1 42. Qxa8+ Kf7 43. Qd5+ Ke7 44. b4 Qxf4+ 45. g3 Qxb4 46.
Qg8 Qd2+ 47. Kh3 Qh6 48. Qc8 Qd2 49. Qc5+ Qd6 50. Qh5 Qe6+ 51. g4 Qe3+ 52. Kg2
Qe4+ 53. Kf2 Qd4+ 54. Ke2 Qe5+ 55. Qxe5+ fxe5 56. Ke3 Kd6 57. Ke4 g6 58. h5 gxh5
59. gxh5 h6 60. Kf5 Kd5 61. Kg6 e4 62. Kxh6 e3 63. Kg7 e2 64. h6 e1=Q 65. h7
Qg3+ 66. Kh6 Qd6+ 67. Kg7 Qe7+ 68. Kh8 Qf8# {White checkmated} 0-1

[Event "Team 45 45 League T55"]
[Site "Internet Chess Club"]
[Date "2012.11.15"]
[Round "1"]
[White "Goldenberg"]
[Black "Conjurer"]
[Result "1/2-1/2"]
[WhiteElo "1521"]
[BlackElo "1525"]
[Opening "Sicilian: Alapin's variation (2.c3)"]
[ECO "B22"]
[Time "20:17:36"]
[TimeControl "2700+45"]

1. e4 c5 2. c3 Nc6 3. d4 Nf6 4. e5 Nd5 5. Nf3 e6 6. Be2 Be7 7. O-O O-O 8. Nbd2
f6 9. Ne4 Qc7 10. exf6 Nxf6 11. Bd3 cxd4 12. cxd4 d5 13. Ng3 Bd7 14. a3 Rac8 15.
Bg5 e5 16. dxe5 Nxe5 17. Rc1 Qd6 18. Nf5 Bxf5 19. Bxf5 Rxc1 20. Bxc1 Neg4 21. h3
Ne5 22. Bf4 Nxf3+ 23. Qxf3 Qb6 24. b4 g6 25. Be3 d4 26. Bh6 gxf5 27. Bxf8 Bxf8
28. Qxf5 Qc6 29. Qd3 Qc3 30. Rd1 Qxd3 31. Rxd3 Ne4 32. Rxd4 Nc3 33. Rd7 Nb5 34.
Rxb7 Nxa3 35. Rxa7 Bxb4 36. g4 Nc2 37. f4 Bc5+ 38. Kg2 Bxa7 39. Kf3 Nd4+ 40. Ke4
Ne6 41. Kf5 Kf7 42. Ke4 Bb8 43. h4 Bxf4 44. Kf5 Bg3 45. h5 h6 46. g5 Nxg5 47.
Kg4 Be1 48. Kf4 Kf6 49. Kg4 Bd2 50. Kh4 Nf3+ 51. Kg4 Nh2+ 52. Kg3 Nf1+ 53. Kf2
Ne3 54. Ke2 Nc4 55. Kd3 Kg5 56. Kxc4 Kxh5 57. Kd3 Ba5 58. Ke2 Kg4 59. Kf1 Kg3
60. Kg1 h5 61. Kh1 h4 62. Kg1 h3 63. Kh1 Bc7 64. Kg1 h2+ 65. Kh1 Kf3 {White
stalemated} 1/2-1/2

[Event "Team 45 45 League T55"]
[Site "Internet Chess Club"]
[Date "2012.11.18"]
[Round "1"]
[White "guyd52"]
[Black "Littlemon"]
[Result "1-0"]
[WhiteElo "1321"]
[BlackElo "1272"]
[Opening "Réti opening"]
[ECO "A05"]
[Time "19:00:31"]
[TimeControl "2700+45"]

1. Nf3 Nf6 2. g3 d5 3. Bg2 Bf5 4. d3 e6 5. O-O Bd6 6. Nbd2 c6 7. Re1 Bg6 8. e4
dxe4 9. Nxe4 Nxe4 10. dxe4 O-O 11. Nh4 Be7 12. Nxg6 Qxd1 13. Nxe7+ Kh8 14. Rxd1
Re8 15. Nxc6 Nxc6 16. Be3 Rec8 17. e5 Rc7 18. c3 Nxe5 19. Bf4 Rc5 20. Bxe5 Rxe5
21. Bxb7 Rb8 22. Rd2 Rb5 23. Rad1 h5 24. Bf3 Rxb2 25. Rxb2 Rxb2 26. a4 Rc2 27.
Rd8+ Kh7 28. Be4+ f5 29. Bxc2 Kg6 30. c4 Kf6 31. c5 Ke7 32. Rd2 e5 33. c6 f4 34.
c7 fxg3 35. hxg3 g5 36. c8=Q h4 37. Qc5+ Kf6 38. Rd6+ Kg7 39. Qc7+ Kf8 40. Rd8#
{Black checkmated} 1-0

[Event "Team 45 45 League T55"]
[Site "Internet Chess Club"]
[Date "2012.11.18"]
[Round "1"]
[White "IPWN"]
[Black "WilmaP"]
[Result "1-0"]
[WhiteElo "1298"]
[BlackElo "1031"]
[Opening "Caro-Kann defense"]
[ECO "B15"]
[Time "07:00:56"]
[TimeControl "2700+45"]

1. d4 d5 2. e4 c6 3. Nc3 e6 4. a3 Nd7 5. e5 Ne7 6. Nf3 Nf5 7. Bg5 f6 8. exf6
gxf6 9. Bd2 Qb6 10. Bc1 c5 11. dxc5 Bxc5 12. Qe2 Nd4 13. Nxd4 Bxd4 14. Nxd5 Qa5+
15. Bd2 Qxd5 16. c4 Qe5 17. Rb1 b6 18. Qxe5 Bxe5 19. Be2 Bb7 20. f3 Rg8 21. O-O
Bd4+ 22. Kh1 O-O-O 23. Rbd1 e5 24. Bc3 Bxc3 25. bxc3 Kb8 26. Rd2 Kc7 27. Bd3 Rg7
28. Rfd1 Nc5 29. Bf5 Rxd2 30. Rxd2 Nb3 31. Rb2 Nc5 32. Bh3 Nd3 33. Rd2 Nf4 34.
Bf5 h6 35. Rf2 Ba6 36. g3 Ng6 37. f4 Bxc4 38. fxe5 Nxe5 39. Be4 Ng4 40. Rf4 Kd6
41. Bf3 Nf2+ 42. Kg2 Nd3 43. Rxc4 Ne1+ 44. Kf2 Nc2 45. Rf4 Rg6 46. Be4 Rg7 47.
Bxc2 Rc7 48. Rxf6+ Ke5 49. Rxh6 Rxc3 50. Rh5+ Kd4 51. Rh4+ Kc5 52. Bg6 Rxa3 53.
Rh5+ Kb4 54. Be8 a5 55. Rb5+ Kc4 56. Rxb6 Ra2+ 57. Kf3 Rxh2 58. Ra6 Rh8 59. Bd7
Rf8+ 60. Kg2 Rf7 61. Be6+ Kb5 62. Rxa5+ Kxa5 63. Bxf7 Kb6 64. Kf3 Kc7 65. g4 Kd7
66. Kf4 Ke7 67. Bc4 Kf8 68. g5 Kg7 69. Kf5 Kh7 70. g6+ Kh6 71. Kf6 Kh5 72. g7
Kh6 73. g8=Q Kh5 74. Qg5# {Black checkmated} 1-0

[Event "Team 45 45 League T55"]
[Site "Internet Chess Club"]
[Date "2012.11.19"]
[Round "1"]
[White "wekabird"]
[Black "MasterD"]
[Result "1/2-1/2"]
[WhiteElo "1125"]
[BlackElo "1135"]
[Opening "English opening"]
[ECO "A22"]
[Time "20:00:07"]
[TimeControl "2700+45"]

1. c4 e5 2. Nc3 Nf6 3. e4 Bc5 4. h3 O-O 5. d3 Nc6 6. Nf3 d6 7. a3 a6 8. Rb1 Be6
9. b3 Rb8 10. g3 Qd7 11. Ng5 h6 12. Nxe6 fxe6 13. Bg2 b5 14. O-O bxc4 15. dxc4
Nd4 16. b4 Ba7 17. Be3 Rf7 18. Bxd4 Bxd4 19. Ne2 Ba7 20. Rc1 Rbf8 21. c5 dxc5
22. Qxd7 Nxd7 23. bxc5 Bxc5 24. Rxc5 Nxc5 25. Nc1 g5 26. g4 Rf4 27. f3 Rd8 28.
Ne2 Rf7 29. Rc1 Nd3 30. Rd1 Rfd7 31. Nc3 Nf4 32. Rxd7 Rxd7 33. Bf1 c5 34. Kh2
Rd2+ 35. Kg3 Rc2 36. Na4 Ne2+ 37. Bxe2 Rxe2 38. Nxc5 Kf7 39. Nxa6 Ra2 40. Nb8
Rxa3 41. Nc6 Kf6 42. Nd8 Ra8 43. Nc6 Rh8 44. h4 gxh4+ 45. Kxh4 Rc8 46. Nb4 Rc3
47. Kg3 Kg5 48. Na6 h5 49. gxh5 Kxh5 50. Nb4 Kg5 51. Na2 Rc2 52. Nb4 Rc1 53. Nd3
Rc8 54. Nxe5 Rg8 55. f4+ Kf6+ 56. Ng4+ Ke7 57. Kf3 Rf8 58. Ne5 Kd6 59. Ng6 {Game
drawn by mutual agreement} 1/2-1/2

[Event "Team 45 45 League T55"]
[Site "Internet Chess Club"]
[Date "2012.11.16"]
[Round "1"]
[White "zap2"]
[Black "rayonline53"]
[Result "1-0"]
[WhiteElo "1858"]
[BlackElo "1417"]
[Opening "Réti opening"]
[ECO "A05"]
[Time "04:32:03"]
[TimeControl "2700+45"]

1. Nf3 Nf6 2. g3 d5 3. Bg2 g6 4. O-O Bg7 5. d3 O-O 6. Nbd2 Re8 7. e4 dxe4 8.
dxe4 e5 9. Qe2 c6 10. Rd1 Qc7 11. a4 Bg4 12. h3 Bxf3 13. Bxf3 Nbd7 14. a5 Nf8
15. Nc4 Ne6 16. c3 Red8 17. Be3 Rxd1+ 18. Rxd1 Bf8 19. b4 c5 20. b5 Ne8 21. b6
axb6 22. axb6 Qb8 23. Qd3 Bg7 24. Bg4 Qd8 25. Bxe6 Qxd3 26. Bxf7+ Kxf7 27. Rxd3
Ke6 28. Bxc5 Rc8 29. Rd5 Rc6 30. Na5 {Black resigns} 1-0

[Event "Team 45 45 League T55"]
[Site "Internet Chess Club"]
[Date "2012.11.17"]
[Round "1"]
[White "nanning"]
[Black "mongmong"]
[Result "1-0"]
[WhiteElo "1673"]
[BlackElo "1603"]
[Opening "Réti opening"]
[ECO "A05"]
[Time "06:12:48"]
[TimeControl "2700+45"]

1. Nf3 Nf6 2. g3 d5 3. Bg2 Bf5 4. O-O e6 5. d3 h6 6. Nbd2 Be7 7. Nh4 Bh7 8. e3
O-O 9. Qe2 c6 10. e4 a5 11. b3 Na6 12. a3 Nd7 13. Nhf3 Bf6 14. e5 Be7 15. Bb2 b5
16. Nd4 Qb6 17. Kh1 c5 18. N4f3 Rac8 19. Rac1 Nab8 20. Ne1 b4 21. f4 Nc6 22. a4
Qd8 23. Nef3 Nb6 24. Rfd1 Qc7 25. Ne1 Rfd8 26. g4 c4 27. dxc4 dxc4 28. Nxc4 Nxc4
29. Rxd8+ Bxd8 30. Qxc4 Qb6 31. Nd3 Ne7 32. Bd4 Rxc4 33. Bxb6 Rc8 34. Bxd8 Rxd8
35. Nb2 Rd2 36. Nc4 Rxc2 37. Rxc2 Bxc2 38. Nxa5 Nd5 39. Bxd5 exd5 40. Nc6 Bxb3
41. Nxb4 Bxa4 42. Kg2 Kf8 43. Kf2 d4 44. h4 Bb5 45. Ke1 Ke7 46. f5 g6 47. Nd5+
Kd7 48. Nf6+ Kc6 49. e6 fxe6 50. fxg6 e5 51. g7 Bc4 52. h5 Kd6 53. g8=Q Bxg8 54.
Nxg8 Ke6 55. Nxh6 Kf6 56. Nf5 Kg5 57. h6 e4 {Black resigns} 1-0

[Event "Team 45 45 League T55"]
[Site "Internet Chess Club"]
[Date "2012.11.16"]
[Round "1"]
[White "Kravier"]
[Black "rom1"]
[Result "1-0"]
[WhiteElo "1629"]
[BlackElo "1573"]
[Opening "Queen's bishop game"]
[ECO "D02"]
[Time "14:08:24"]
[TimeControl "2700+45"]

1. Nf3 Nf6 2. d4 d5 3. Bf4 g6 4. e3 Bg7 5. Nc3 Bg4 6. Be2 O-O 7. O-O c6 8. h3
Bf5 9. a3 Nbd7 10. Bd3 Bxd3 11. cxd3 Re8 12. Rc1 Nh5 13. Bh2 e5 14. dxe5 Nxe5
15. d4 Nxf3+ 16. Qxf3 Qf6 17. Qxf6 Bxf6 18. Rc2 Re6 19. g4 Ng7 20. Na4 b6 21.
Rfc1 Rc8 22. b4 Be7 23. Rc3 f5 24. b5 fxg4 25. hxg4 c5 26. dxc5 bxc5 27. Nxc5
Bxc5 28. Rxc5 Rxc5 29. Rxc5 Re4 30. Rc8+ Kf7 31. Rc7+ Re7 32. Rxe7+ Kxe7 33. Bb8
Kd7 34. Bxa7 Kc7 35. a4 Kb7 36. Bd4 Ne6 37. a5 Nc7 38. a6+ Ka8 39. b6 Nxa6 40.
Kg2 Kb7 41. Kg3 Kc6 42. Kf4 Nb8 43. Kg5 Nd7 44. Kh6 Nf8 45. Kg7 Ne6+ 46. Kxh7
Nxd4 47. exd4 Kxb6 48. Kxg6 Kb5 49. Kf5 Kc4 50. Ke5 {Black resigns} 1-0

[Event "Team 45 45 League T55"]
[Site "Internet Chess Club"]
[Date "2012.11.17"]
[Round "1"]
[White "oldsj"]
[Black "MinnArkie"]
[Result "1-0"]
[WhiteElo "1594"]
[BlackElo "1580"]
[Opening "Sicilian: Najdorf, 6.Bg5"]
[ECO "B94"]
[Time "08:00:22"]
[TimeControl "2700+45"]

1. e4 c5 2. Nf3 d6 3. d4 cxd4 4. Nxd4 Nf6 5. Nc3 a6 6. Bg5 Nc6 7. Qd2 e5 8. Nb3
Be7 9. f3 Be6 10. O-O-O Nb4 11. a3 Na2+ 12. Nxa2 Nxe4 13. Bxe7 Nxd2 14. Bxd8
Nxb3+ 15. cxb3 Rxd8 16. Nc3 d5 17. Na4 d4 18. Bc4 Rc8 19. Kb1 Bxc4 20. bxc4 Rxc4
21. b3 Rc6 22. Rhe1 O-O 23. Rxe5 b5 24. Nc5 f6 25. Rd5 Rfc8 26. b4 a5 27. R1xd4
axb4 28. axb4 R8c7 29. Rd8+ Kf7 30. R8d7+ Rxd7 31. Rxd7+ Kg6 32. Kc2 h5 33. Kd3
f5 34. Kd4 Kf6 35. Kd5 Rc8 36. h4 g5 37. Rd6+ Kf7 38. hxg5 Rg8 39. Rf6+ {Black
resigns} 1-0

[Event "Team 45 45 League T55"]
[Site "Internet Chess Club"]
[Date "2012.11.19"]
[Round "1"]
[White "Grenadier"]
[Black "ScotchYeti"]
[Result "1/2-1/2"]
[WhiteElo "1696"]
[BlackElo "1673"]
[Opening "Sicilian: closed"]
[ECO "B23"]
[Time "15:15:49"]
[TimeControl "2700+45"]

1. e4 c5 2. Nc3 e6 3. f4 d5 4. e5 Nc6 5. Nf3 a6 6. a4 Nh6 7. Be2 Nf5 8. O-O Be7
9. Qe1 O-O 10. d3 b6 11. Bd2 Nfd4 12. Nxd4 Nxd4 13. Bd1 Bb7 14. Ne2 Bh4 15. g3
Nxe2+ 16. Bxe2 Be7 17. Bf3 Qd7 18. Qe2 Rfd8 19. b3 b5 20. Rfd1 Bc6 21. axb5 axb5
22. Bc3 Qb7 23. Rxa8 Rxa8 24. Ra1 Rxa1+ 25. Bxa1 Qa6 26. Qe1 Qa2 27. Qc1 c4 28.
bxc4 bxc4 29. dxc4 Qxc4 30. Qb2 Bc5+ 31. Kg2 g6 32. Qb3 Qb5 33. g4 d4 34. Qxb5
Bxb5 35. Be4 Kf8 36. Kf3 Ke7 37. h4 f5 38. exf6+ Kxf6 39. g5+ Kf7 40. Kg4 Be2+
41. Bf3 d3 42. cxd3 Bxd3 43. h5 Bf2 44. hxg6+ hxg6 45. Kh3 Bf5+ 46. Kg2 Bc5 47.
Bc6 Ke7 48. Kf3 Kd6 49. Be4 Ke7 50. Bf6+ Kd6 51. Be5+ Ke7 52. Bxf5 exf5 53. Ke2
Ke6 54. Kd3 Kd5 55. Bg7 {Game drawn by mutual agreement} 1/2-1/2

[Event "Team 45 45 League T55"]
[Site "Internet Chess Club"]
[Date "2012.11.18"]
[Round "1"]
[White "cepheid"]
[Black "zepled37"]
[Result "1-0"]
[WhiteElo "1652"]
[BlackElo "1550"]
[Opening "Sicilian: Alapin's variation (2.c3)"]
[ECO "B22"]
[Time "10:05:01"]
[TimeControl "2700+45"]

1. e4 c5 2. c3 d5 3. exd5 Qxd5 4. d4 Nf6 5. Nf3 Bg4 6. Be2 e6 7. Na3 Nc6 8. Be3
cxd4 9. Nb5 Qd7 10. Nbxd4 Be7 11. O-O O-O 12. Nxc6 Qxc6 13. Nd4 Qe4 14. Bf3 Bxf3
15. Qxf3 Qxf3 16. Nxf3 Nd5 17. Bd4 f6 18. c4 Nf4 19. Rfe1 Kf7 20. g3 Ng6 21.
Red1 Rfd8 22. Bc3 e5 23. a3 Rac8 24. Nd2 Nf8 25. Rac1 Ne6 26. Kf1 Nc5 27. b4 Ne6
28. Ba1 Rd3 29. Rc3 Rcd8 30. Ke1 Ng5 31. Ke2 R3d7 32. Rcc1 e4 33. Nf1 f5 34.
Rxd7 Rxd7 35. Rd1 Rxd1 36. Kxd1 g6 37. Bd4 a5 38. Bc3 Ke6 39. Ne3 Nf3 40. h4 g5
41. hxg5 axb4 42. axb4 Bxg5 43. Nd5 h5 44. Ke2 Bd8 45. Nf4+ Kd7 46. Nxh5 Ng1+
47. Kf1 Nf3 48. Ng7 f4 49. gxf4 Bc7 50. f5 Be5 51. Bxe5 Nxe5 52. Ne6 Nxc4 53.
Nc5+ Kc6 54. Nxe4 Kd5 55. f3 Ne3+ 56. Ke2 Nxf5 57. Kd3 Ne7 58. Nc5 b5 59. Ne4
Ng6 60. Nc3+ Kc6 61. Ke4 Nf8 62. f4 Nd7 63. f5 Nf6+ 64. Ke5 Ng4+ 65. Ke6 Kc7 66.
Nxb5+ Kb6 67. Nd4 Kc7 68. Ke7 Ne3 69. Ke6 Kd8 70. f6 Ke8 71. b5 Nc4 72. Nc6 Nb6
73. Nb4 Nd7 74. Nd5 Nc5+ 75. Kd6 Nb7+ 76. Kc6 Nd8+ 77. Kc7 Ne6+ 78. Kc8 Nd4 79.
b6 Nb5 80. Nc7+ {Black resigns} 1-0

[Event "Team 45 45 League T55"]
[Site "Internet Chess Club"]
[Date "2012.11.17"]
[Round "1"]
[White "GoIrish"]
[Black "elessar"]
[Result "0-1"]
[WhiteElo "1567"]
[BlackElo "1607"]
[Opening "Réti opening"]
[ECO "A05"]
[Time "07:00:10"]
[TimeControl "2700+45"]

1. Nf3 Nf6 2. g3 c5 3. Bg2 Nc6 4. O-O d5 5. d3 e6 6. Nbd2 Be7 7. e4 b6 8. e5 Nd7
9. Re1 Bb7 10. c3 Qc7 11. Qe2 g5 12. h3 h5 13. Nf1 Rg8 14. a3 a5 15. Bd2 g4 16.
hxg4 hxg4 17. N3h2 Qxe5 18. Qxe5 Ndxe5 19. d4 Nd3 20. Re2 cxd4 21. Rb1 Ba6 22.
Bf4 Nxf4 {White resigns} 0-1

[Event "Team 45 45 League T55"]
[Site "Internet Chess Club"]
[Date "2012.11.19"]
[Round "1"]
[White "Hal2001"]
[Black "BrerRabbit"]
[Result "1-0"]
[WhiteElo "1651"]
[BlackElo "1459"]
[Opening "Pirc: Austrian attack, dragon formation"]
[ECO "B09"]
[Time "19:01:10"]
[TimeControl "2700+45"]

1. e4 d6 2. d4 Nf6 3. Nc3 g6 4. f4 Bg7 5. Nf3 c5 6. Bb5+ Bd7 7. Bxd7+ Nfxd7 8.
e5 cxd4 9. Qxd4 Nc6 10. Qe3 dxe5 11. fxe5 Ndxe5 12. Nxe5 Nxe5 13. Qe4 Nc6 14.
O-O O-O 15. Kh1 e6 16. Bf4 Qb6 17. Rab1 Rfd8 18. Bg5 Rd7 19. Qh4 Rc8 20. Ne4 Qd4
21. Bf6 Qe3 22. Bxg7 Kxg7 23. Nf6 Qd4 24. Qxh7+ Kf8 25. Qh8+ Ke7 26. Qxc8 {Black
resigns} 1-0

[Event "Team 45 45 League T55"]
[Site "Internet Chess Club"]
[Date "2012.11.18"]
[Round "1"]
[White "Patzer4Life"]
[Black "arconia"]
[Result "1-0"]
[WhiteElo "1265"]
[BlackElo "1293"]
[Opening "KP: Nimzovich defense"]
[ECO "B00"]
[Time "12:00:30"]
[TimeControl "2700+45"]

1. e4 Nc6 2. d4 e6 3. c4 d6 4. a3 Be7 5. Nf3 Nf6 6. Nc3 a6 7. b4 O-O 8. Bb2 h6
9. Bd3 Nh7 10. O-O Ng5 11. d5 Nxf3+ 12. Qxf3 Nd4 13. Qe3 e5 14. Ne2 Nxe2+ 15.
Qxe2 c6 16. f4 f6 17. fxe5 dxe5 18. Bc1 Qe8 19. c5 Bd8 20. d6 b6 21. Bc4+ Be6
22. Qa2 Bxc4 23. Qxc4+ Kh8 24. Be3 b5 25. Qd3 Ra7 26. a4 Raf7 27. axb5 axb5 28.
Bd2 Qe6 29. Ra6 Qd7 30. Rf5 g5 31. Qh3 Kh7 32. Qh5 Qe6 33. Ra3 Qc4 34. Rh3 Qd4+
35. Be3 Qa1+ 36. Rf1 Qxf1+ 37. Kxf1 Kg8 38. Qxh6 {Black resigns} 1-0

[Event "Team 45 45 League T55"]
[Site "Internet Chess Club"]
[Date "2012.11.18"]
[Round "1"]
[White "Cicero"]
[Black "fuzzface"]
[Result "0-1"]
[WhiteElo "1266"]
[BlackElo "1339"]
[Opening "Vienna game"]
[ECO "C25"]
[Time "11:02:27"]
[TimeControl "2700+45"]

1. e4 e5 2. Nc3 Bb4 3. Bc4 Nc6 4. d3 Nf6 5. Ne2 d6 6. f4 Bc5 7. f5 Ng4 8. Rf1
Qh4+ 9. Ng3 Nxh2 10. Qe2 Qxg3+ 11. Kd1 Nxf1 12. Qxf1 Qg4+ 13. Ne2 Nd4 14. Be3
Nxe2 15. Kd2 Ng3 16. Qc1 Qe2+ 17. Kc3 Bxe3 18. Qb1 Qd2+ 19. Kb3 Qa5 20. a3 Ne2
21. c3 Qb6+ 22. Kc2 Nc1 23. b4 Bd7 24. Kd1 Ba4+ 25. Ke1 Bf2+ 26. Kf1 Bg1 27. d4
Be3 28. Ra2 Bb5 29. Bxb5+ Qxb5+ 30. Ke1 Nd3+ 31. Ke2 exd4 32. Qh1 Nxb4+ 33. Kf3
Nxa2 34. a4 Qe5 35. cxd4 Qf4+ 36. Ke2 Qf2+ 37. Kd3 Qd2+ {White forfeits on time}
0-1

[Event "Team 45 45 League T55"]
[Site "Internet Chess Club"]
[Date "2012.11.18"]
[Round "1"]
[White "tamky70"]
[Black "chips"]
[Result "0-1"]
[WhiteElo "1376"]
[BlackElo "1268"]
[Opening "Bird's opening"]
[ECO "A03"]
[Time "22:14:48"]
[TimeControl "2700+45"]

1. f4 d5 2. Nf3 e6 3. d3 Nf6 4. c3 Bc5 5. e3 O-O 6. Be2 a6 7. O-O Ba7 8. Qc2 c5
9. Kh1 b5 10. b3 Qa5 11. Bd2 Qd8 12. Be1 Ng4 13. Bd2 Nf6 14. Qc1 Nbd7 15. Na3
Bb7 16. Nc2 Re8 17. Ne5 Bb8 18. d4 cxd4 19. Nxd4 Nxe5 20. fxe5 Bxe5 21. Nf3 Bc7
22. Qe1 Ne4 23. Rd1 Nf6 24. Bd3 e5 25. Be2 e4 26. Nd4 Qd6 27. Qg3 Qxg3 28. hxg3
Bxg3 29. Nf5 Bc7 30. Be1 Bc8 31. Nd4 Bg4 32. Bh4 Bxe2 33. Nxe2 Ng4 34. Bf2 Nh2
35. Rg1 Ng4 36. Rdf1 Bh2 37. Nd4 Bxg1 38. Kxg1 Rac8 39. Rc1 Rc7 40. Nf5 Re6 41.
Bg3 Rc8 42. Bf4 b4 43. c4 dxc4 44. bxc4 Nf6 45. c5 Nh5 46. Bd6 Kh8 47. Kf2 Rf6
48. g4 g6 49. Be7 Re6 50. Nd6 Rc7 51. Nxf7+ Kg7 52. Bd6 Rxf7+ 53. Kg2 Nf6 54.
Kg3 Ne8 55. Bf4 h6 56. g5 hxg5 57. Bxg5 Rf3+ 58. Kg2 Rc6 59. Rc4 Rf5 60. Bf4
Rfxc5 61. Rxe4 Kf7 62. Rxb4 Rc2+ 63. Kf3 Rxa2 64. Bg5 a5 65. Rb7+ Rc7 66. Rb8 a4
67. Bf4 Rd7 68. Be5 a3 69. Ra8 Rd3 70. Bd4 Rc2 71. Ke4 Rb3 72. Ra7+ Kg8 73. Ra8
Kf7 74. Ra7+ Ke6 75. Ra6+ Nd6+ 76. Kf3 a2 77. Ba1 Rb1 78. Bd4 Rf1+ 79. Kg3 Kd5
80. Ra5+ Ke4 81. Ra3 Nf5+ {White resigns} 0-1

[Event "Team 45 45 League T55 u"]
[Site "Internet Chess Club"]
[Date "2012.11.18"]
[Round "1"]
[White "Macovitski"]
[Black "wildangels"]
[Result "1-0"]
[WhiteElo "1197"]
[BlackElo "983"]
[Opening "Sicilian: Alapin's variation (2.c3)"]
[ECO "B22"]
[Time "09:16:57"]
[TimeControl "2700+45"]

1. e4 c5 2. c3 Nc6 3. d4 d6 4. d5 Ne5 5. Nf3 Bg4 6. Be2 Nf6 7. Nxe5 dxe5 8. Bxg4
c4 9. O-O Qb6 10. Nd2 Rd8 11. Nxc4 Qc7 12. Qa4+ Nd7 13. Be3 a6 14. Bb6 Qb8 15.
Bxd8 Kxd8 16. Qxd7# {Black checkmated} 1-0